 Dungeon Crawl Stone Soup version 0.19.1 (webtiles) character file.

146 galech the Ruffian (level 5, -1/53 HPs)
             Began as a Troll Monk on Dec 27, 2016.
             Slain by Britaniac's ghost (2 damage)
             ... on level 3 of the Dungeon.
             The game lasted 00:04:12 (1285 turns).

galech the Ruffian (Troll Monk)                     Turns: 1285, Time: 00:04:12

Health: -1/53      AC:  5    Str: 19    XL:     5   Next: 7%
Magic:  4/4        EV: 11    Int:  6    God:
Gold:   87         SH:  0    Dex: 13    Spells: 0 memorised, 4 levels left

rFire  + . .     SeeInvis .       - Unarmed
rCold  x . .     Gourm    +     a - +0 robe
rNeg   . . .     Faith    .     (no shield)
rPois  .         Spirit   .     (helmet restricted)
rElec  .         Reflect  .     (no cloak)
rCorr  .         Harm     .     (gloves unavailable)
MR     .....                    (boots unavailable)
Stlth  ++........               h - amulet of magic regeneration
                                (no ring)
                                j - ring of fire

@: no status effects
A: unfitting armour, claws 3, fast metabolism 3, gourmand, regeneration 1,
shaggy fur 1, tough skin 2
a: no special abilities


You were on level 3 of the Dungeon.
You were completely stuffed.

You visited 1 branch of the dungeon, and saw 3 of its levels.

You collected 87 gold pieces.

Inventory:

Armour
 a - a +0 robe (worn)
Jewellery
 e - an uncursed amulet of faith
 h - an amulet of magic regeneration (around neck)
 j - a ring of fire (left claw)
Scrolls
 c - a scroll of fog {unknown}
 g - a scroll of recharging {unknown}
 i - 5 scrolls of remove curse {unknown}
 p - a scroll of enchant armour {unknown}
Potions
 d - a potion of lignification {unknown}
 k - a potion of haste {unknown}
 l - a potion of might {unknown}
 r - a potion of curing {unknown}
Comestibles
 b - 4 bread rations
 f - a meat ration
 m - 2 beef jerkies
 n - a chunk of flesh
 o - 2 slices of pizza
 q - 2 fruits


   Skills:
 + Level 3.0 Fighting
 + Level 3.2 Dodging
 - Level 1.5 Stealth
 + Level 4.2 Unarmed Combat


You had 4 spell levels left.
You didn't know any spells.

Dungeon Overview and Level Annotations

Branches:
Dungeon (3/15)

Altars:
Trog
Xom

Annotations:
D:3 Britaniac's ghost, amateur GrFi


Innate Abilities, Weirdness & Mutations

You are too large for most types of armour.
You have claws for hands.
Your metabolism is lightning-fast.
You like to eat raw meat.
Your natural rate of healing is unusually fast.
You are covered in fur. (AC +1)
You have very tough skin. (AC +2)


Message History

Britaniac's ghost is lightly damaged.
The adder hisses angrily.
Britaniac's ghost hits you!
You claw Britaniac's ghost!
Britaniac's ghost is heavily damaged.
Britaniac's ghost barely misses you.
You barely miss Britaniac's ghost.
Britaniac's ghost is heavily damaged.
Britaniac's ghost hits you!
You scratch Britaniac's ghost but do no damage.
Britaniac's ghost is heavily damaged.
The adder skeleton bites you. Britaniac's ghost hits you!
* * * LOW HITPOINT WARNING * * *
You are too injured to fight recklessly!
You are too injured to fight recklessly!
You are too injured to fight recklessly!
You are too injured to fight recklessly!
The adder bites you but does no damage. The adder skeleton closely misses you.
Britaniac's ghost hits you.
You die...

. ...## ###
#
###...#@#.##
......SZW..#
........#..#
....(...#..#
#####.### ##
#. ##


You could see Britaniac's ghost, an adder and an adder skeleton.

Vanquished Creatures
  A centaur (D:2)
  Terence (D:2)
  A worm (D:2)
  A dart slug (D:1)
  3 leopard geckos
  A ball python (D:1)
  3 giant cockroaches
  4 goblins (D:2)
  8 hobgoblins
  2 jackals (D:2)
  A bat (D:1)
  2 frilled lizards
  2 kobolds (D:2)
  2 rats
32 creatures vanquished.

Notes
Turn   | Place    | Note
-------+----------+-------------------------------------------
     0 | D:1      | galech the Troll Monk began the quest for the Orb.
     0 | D:1      | Reached XP level 1. HP: 22/22 MP: 0/0
   368 | D:1      | Reached XP level 2. HP: 29/29 MP: 1/1
   811 | D:2      | Reached XP level 3. HP: 36/36 MP: 2/2
  1026 | D:2      | Found a shimmering altar of Xom.
  1026 | D:2      | Noticed Terence
  1033 | D:2      | Killed Terence
  1167 | D:2      | Found a bloodstained altar of Trog.
  1210 | D:2      | Noticed a centaur
  1223 | D:2      | Killed a centaur
  1223 | D:2      | Reached skill level 4 in Unarmed Combat
  1223 | D:2      | Reached XP level 4. HP: 20/45 MP: 3/3
  1223 | D:2      | Reached XP level 5. HP: 24/53 MP: 4/4
  1277 | D:3      | Noticed Britaniac's ghost (amateur GrFi)
  1284 | D:3      | HP: 1/53 [Britaniac's ghost (15)]
  1285 | D:3      | Slain by Britaniac's ghost

Skill      XL: |  1  2  3 |
---------------+----------+-----
Dodging        | 3 |  3.2
Fighting       | 3 |  3.0
Unarmed Combat | 4 |  4.2
Stealth        | |  1.5

Action                   |  1- 3 |  4- 6 || total
-------------------------+-------+-------++-------
Melee: Unarmed           |   100 |     6 ||   106
       Punch             |     1 |       ||     1
 Stab: Sleeping          |     3 |       ||     3
       Distracted        |       |     1 ||     1
  Eat: Chunk             |    17 |       ||    17
Armor: Robe              |    32 |     1 ||    33
Dodge: Dodged            |    54 |     3 ||    57
